 Dungeon Crawl Stone Soup version 0.20-a0-991-g93344ec (webtiles) character file.

306 Ordine the Magician (level 6, 0/38 HPs)
             Began as an Octopode Transmuter on Apr 10, 2017.
             Slain by an orc
             ... wielding a +0 dagger
              (3 damage)
             ... on level 4 of the Dungeon.
             The game lasted 00:10:11 (2802 turns).

Ordine the Magician (Octopode Transmuter)           Turns: 2802, Time: 00:10:12

Health: 0/38       AC:  1    Str:  9    XL:     6   Next: 39%
Magic:  6/12       EV: 13    Int: 17    God:
Gold:   111        SH:  0    Dex: 13    Spells: 6/14 levels left

rFire    . . .     SeeInvis .     - Unarmed
rCold    . . .     Gourm    .   (no shield)
rNeg     . . .     Faith    .   (helmet restricted)
rPois    .         Spirit   .   (no amulet)
rElec    .         Reflect  .   (no ring)
rCorr    .         Harm     .   (no ring)
MR       .....                  (no ring)
Stlth    ++........             (no ring)
Regen    0.2/turn               (no ring)
MPRegen  0.2/turn               (no ring)
                                (no ring)
                                (no ring)

@: very slightly contaminated
A: almost no armour, stealthy swim, amphibious, 8 rings, constrict 8, camouflage
1, gelatinous body 1
a: no special abilities


You were on level 4 of the Dungeon.
You were not hungry.

You visited 1 branch of the dungeon, and saw 4 of its levels.

You collected 111 gold pieces.

Inventory:

Missiles
 a - 10 poisoned needles
 e - a throwing net
 g - 19 stones (quivered)
Jewellery
 l - a +3 ring of strength {unknown}
Wands
 n - a wand of polymorph (8/24)
Potions
 h - 3 potions of flight
Books
 b - a book of Changes

   Spells                             Type                      Level
   a - Beastly Appendage              Transmutation                1
   b - Sticks to Snakes               Transmutation                2
   c - Spider Form                    Transmutation/Poison         3
   d - Ice Form                       Ice/Transmutation            4
   e - Blade Hands                    Transmutation                5
Comestibles
 c - 4 bread rations
 f - a royal jelly
 i - 2 meat rations
 j - 6 chunks of flesh
 k - 3 fruits


   Skills:
 - Level 1.0 Fighting
 - Level 2.0 Dodging
 + Level 4.4 Unarmed Combat
 * Level 4.5 Spellcasting
 + Level 3.3 Transmutations


You had 6 spell levels left.
You knew the following spells:

 Your Spells              Type           Power        Failure   Level  Hunger
a - Beastly Appendage     Tmut           ###...       4%          1    None
b - Spider Form           Tmut/Pois      #.........   24%         3    ###....
c - Ice Form              Ice/Tmut       #.......     82%         4    ####...


Dungeon Overview and Level Annotations

Branches:
Dungeon (4/15)
 Temple: D:4-7

Altars:

Annotations:
D:3 exclusion: goblin, Robin


Innate Abilities, Weirdness & Mutations

You cannot wear most types of armour.
You are very stealthy in the water. (Stealth+)
You are amphibious.
You can wear up to eight rings at the same time.
You can use your tentacles to constrict eight enemies at once.
Your skin changes colour to match your surroundings (Stealth+).
Your rubbery body absorbs attacks. (AC +1, EV +1)


Message History

There is a stone staircase leading down here.
The orc closely misses you.
You climb downwards.
A worker ant comes into view.
There is a stone staircase leading up here.
Found a glowing robe.
Found a stone staircase leading down.
You see here a glowing robe.
Casting: Spider Form
Confirm with . or Enter, or press ? or * to list all spells.
You miscast Spider Form.
You are very lightly contaminated with residual magic.
You feel mildly nauseous. The orc hits you with a dagger.
* * * LOW HITPOINT WARNING * * *
An ooze comes into view.
Casting: Spider Form
Confirm with . or Enter, or press ? or * to list all spells.
You miscast Spider Form.
You feel slightly ill.
The ooze quivers.
The orc hits you with a dagger.
You die...

#............#
#.....<....#.#
#a#.#####..#.#
..##. #..#[#
#.. .. #..#.#
#. ##.
#.##.### . #.
#. #...# >.
###o# #@# #.#
#.# #.# #.#
#J# #.# #.#


You could see an ooze and an orc.

Vanquished Creatures
  Grinder (D:3)
  An orc wizard (D:3)
  2 adders
  A worm (D:3)
  2 dart slugs
  A leopard gecko (D:2)
  3 orcs (D:3)
  2 giant cockroaches
  7 goblins
  4 hobgoblins
  3 jackals
  5 kobolds
  8 bats
  4 frilled lizards
  7 rats
51 creatures vanquished.

Notes
Turn   | Place    | Note
-------+----------+-------------------------------------------
     0 | D:1      | Ordine the Octopode Transmuter began the quest for the Orb.
     0 | D:1      | Reached XP level 1. HP: 13/13 MP: 3/3
   174 | D:1      | Reached XP level 2. HP: 16/18 MP: 5/5
   778 | D:2      | Reached XP level 3. HP: 17/23 MP: 7/7
  1686 | D:2      | Found a faded altar of an unknown god.
  2149 | D:3      | Reached XP level 4. HP: 24/28 MP: 8/8
  2154 | D:3      | Learned a level 3 spell: Spider Form
  2159 | D:3      | Learned a level 4 spell: Ice Form
  2252 | D:3      | Noticed Robin
  2342 | D:3      | Noticed Grinder
  2354 | D:3      | Paralysed by Grinder for 6 turns
  2375 | D:3      | Paralysed by Grinder for 2 turns
  2388 | D:3      | Killed Grinder
  2388 | D:3      | Reached XP level 5. HP: 10/33 MP: 8/11
  2388 | D:3      | Reached XP level 6. HP: 12/38 MP: 8/12
  2802 | D:4      | Slain by an orc

Vault maps used:
D:1:      lemuel_arrival_funnel, minmay_tetromino_o2
D:2:      first_bread, chequers_ecumenical_altar_lobes, minmay_misc_feat_cross,
          minmay_misc_feat_square
D:3:      zin_angel, uniq_terence, uniq_grinder, uniq_robin,
          uniq_crazy_yiuf_cottage
D:4:      kennysheep_mini

Skill      XL: |  1  2  3  4 |
---------------+-------------+-----
Spellcasting   | 3 4 |  4.5
Unarmed Combat | 4 |  4.4
Transmutations | 3 |  3.3
Fighting       | |  1.0
Dodging        | |  2.0

Action                   |  1- 3 |  4- 6 || total
-------------------------+-------+-------++-------
Melee: Unarmed           |    96 |    38 ||   134
       Constrict         |    26 |     6 ||    32
       Tentacles         |    10 |     5 ||    15
       Punch             |     1 |     1 ||     2
Throw: Stone             |    10 |     1 ||    11
       Throwing net      |     1 |       ||     1
 Cast: Spider Form       |       |     2 ||     2
  Use: Scroll            |     5 |     3 ||     8
       Potion            |       |     2 ||     2
 Stab: Sleeping          |     5 |       ||     5
  Eat: Chunk             |     3 |     2 ||     5
       Fruit             |     1 |       ||     1
Armor: Skin              |    12 |     5 ||    17
Dodge: Dodged            |    67 |    15 ||    82
